 Dungeon Crawl Stone Soup version 0.27-a0-931-g5a74e75d8f (console) character file.

Game seed: 14274403872892559059

20 casual the Magician (level 2, 0/21 HPs)
             Began as a Djinni Conjurer on Apr 10, 2021.
             Slain by a black bear (4 damage)
             ... on level 2 of the Dungeon.
             The game lasted 00:01:28 (1086 turns).

casual the Magician (Djinni Conjurer)               Turns: 1086, Time: 00:01:29

Health: 0/21       AC:  2    Str:  6    XL:     2   Next: 79%
Gold:   25         EV: 12    Int: 19    God:
                   SH:  0    Dex: 11

rFire    + + .     SeeInvis .   (no weapon)
rCold    . . .     Faith    .   (no shield)
rNeg     . . .     Spirit   .   a - +0 robe
rPois    ∞         Reflect  .   (no helmet)
rElec    .         Harm     .   (no cloak)
rCorr    .         Rampage  .   (no gloves)
Will     .....                  (boots unavailable)
Stlth    ++........             (no amulet)
HPRegen  0.07/turn              j - ring of protection from cold
MPRegen  0.00/turn              (no ring)

@: flying, very slightly contaminated
A: fire resistance 2, cold vulnerability 1, float, innate caster, hp casting,
extra vitality 1
a: no special abilities


You were on level 2 of the Dungeon.
You visited 1 branch of the dungeon, and saw 2 of its levels.

You collected 25 gold pieces.

Inventory:

Missiles
 d - 7 silver javelins (quivered)
 h - 36 stones
Armour
 a - a +0 robe (worn)
 e - a +0 buckler
Jewellery
 j - a ring of protection from cold (left hand)
Scrolls
 b - a scroll of enchant armour {unknown}
 i - a scroll of teleportation {unknown}
Potions
 c - a potion of heal wounds
 f - a potion of magic {unknown}
 g - a potion of mutation {unknown}


   Skills:
 - Level 2.1 Dodging
 - Level 1.5 Stealth
 + Level 4.2 Spellcasting


You couldn't memorise any spells.
You knew the following spells:

 Your Spells              Type           Power      Damage    Failure   Level
a - Magic Dart            Conj           80%        1d7       2%          1
b - Searing Ray           Conj           40%        3d4       3%          2
c - Dazzling Flash        Conj/Hex       40%        N/A       7%          3
d - Fulminant Prism       Conj/Hex       10%        3d9       24%         4
e - Iskenderun's Mystic   Conj/Tloc      20%        2d6       24%         4
Your spell library was empty.

Dungeon Overview and Level Annotations

Branches:
Dungeon (2/15)

Altars:


Innate Abilities, Weirdness & Mutations

You are immune to poison.
Your flesh is very heat resistant. (rF++)
You are vulnerable to cold. (rC-)
You float through the air rather than walking.
You learn spells naturally, not from books.
Your magical power is your life essence.
You have superior vitality. (+4 HP)


Message History

The necrophage is heavily damaged.
You finish channeling your searing ray.
The black bear goes berserk!
You take 1 damage, and have 16/21 hp.
The black bear bites you!
Ouch! That really hurt!
* * * LOW HITPOINT WARNING * * *
The black bear claws you.
* * * LOW HITPOINT WARNING * * *
The black bear claws you but does no damage.
You take 14 damage, and have 2/21 hp.
MASSIVE DAMAGE!!
It was a potion of heal wounds.
You feel much better. The black bear bites you!
Ouch! That really hurt!
The black bear claws you but does no damage. x2
The black bear misses you. The black bear claws you.
The black bear barely misses you.
You regained 6 hp, and now have 8/21 hp.
Casting: Searing Ray (safe; 3% risk of failure)
Confirm with . or Enter, or press ? or * to list all spells.
Aiming: Searing Ray (safe; 3% risk of failure)
Press: ? - help, Shift-Dir - straight line, f - black bear
Aim: a black bear (severely wounded, berserk, 16% to evade)
You miscast Searing Ray.
You are very lightly contaminated with residual magic.
Nothing appears to happen.
* * * LOW HITPOINT WARNING * * *
The black bear completely misses you. The black bear closely misses you. x2
You take 2 damage, and have 6/21 hp.
Casting: Searing Ray (safe; 3% risk of failure)
Confirm with . or Enter, or press ? or * to list all spells.
Aiming: Searing Ray (safe; 3% risk of failure)
Press: ? - help, Shift-Dir - straight line, f/p - black bear
Aim: a black bear (severely wounded, berserk, 16% to evade)
The searing ray hits the black bear!
The black bear is almost dead.
The searing ray hits the necrophage.
The necrophage is severely damaged. (Press . to maintain the ray.)
* * * LOW HITPOINT WARNING * * *
The black bear bites you.
You die...

██ .█ █. .. █. ██.██
█. █... █[█ █.h █.█
█.███████
███████.████.......█
█<......@hn..█████.█
█.█████.████.█ ██.██
█.█ █.█ █.█ ██...██
█.██
██.████S███.█.█.██
█..█
█..........██.██.█
██.█
█..████.██.██..█.█
█.███..█
█.██.███.█.█
█......█ █...<.
█..██ █.███.██
████.█...██


You could see a black bear (berserk) and a necrophage.

Vanquished Creatures
  5 ball pythons
  4 endoplasms (D:1)
  A giant cockroach (D:1)
  4 hobgoblins (D:1)
  A frilled lizard (D:1)
  3 kobolds (D:1)
  A rat (D:1)
19 creatures vanquished.

Vanquished Creatures (others)
  A plant (D:1)
1 creature vanquished.

Grand Total: 20 creatures vanquished

Notes
Turn   | Place    | Note
-------+----------+-------------------------------------------
     0 | D:1      | casual the Djinni Conjurer began the quest for the Orb.
     0 | D:1      | Reached XP level 1. HP: 15/15 MP: 0/0
    98 | D:1      | Reached XP level 2. HP: 11/21 MP: 0/0
   295 | D:1      | Reached skill level 4 in Spellcasting
   945 | D:1      | Found a faded altar of an unknown god.
  1073 | D:2      | Noticed a black bear
  1079 | D:2      | Noticed a necrophage
  1086 | D:2      | Slain by a black bear

Illustrated notes

Levels and vault maps discovered:
D:1:      minmay_arrival_hallway, layout_rooms,
          hellmonk_ecumenical_altar_leap_of_faith, serial_bayou,
          serial_bayou_pond_a, serial_bayou_crossing, serial_bayou_shore_a,
          serial_bayou_ford_a, serial_bayou_pond_d, minmay_split_cup_small
D:2:      layout_loops_ring, basic_altar, roderic_lattice_a,
          minmay_quadrilaterals

Skill      XL: |  1  2 |
---------------+-------+-----
Spellcasting   | 4 |  4.2
Dodging        | |  2.1
Stealth        | |  1.5

Action                   || total
-------------------------++-------
 Cast: Magic Dart        ||    33
       Searing Ray       ||     4
  Use: Potion            ||     1
Armor: Robe              ||     6
Dodge: Dodged            ||     5

Table legend: (Time is in decaauts)
 A = Elapsed time spent in this place.
 B = Non-inter-level travel time spent in this place.
 C = Inter-level travel time spent in this place.
 D = Time resting spent in this place.
 E = Time spent auto-exploring this place.
 F = Levels seen in this place.
 G = Mean time per level.
                   A        B        C        D        E       F      G
               +--------+--------+--------+--------+--------+-----+--------+
         Total |   1085 |   1052 |     33 |    397 |    568 |   2 |  542.5 |
       Dungeon |   1085 |   1052 |     33 |    397 |    568 |   2 |  542.5 |
               +--------+--------+--------+--------+--------+-----+--------+

Top non-repeatable levels by time:
     D:1: 1022 daAuts
     D:2: 62 daAuts
